 Dungeon Crawl Stone Soup version 0.25-a0-766-g0ecfff5982 (webtiles) character file.

Game seed: 13185301337450573547, levelgen mode: deterministic

52 Error4North the Skirmisher (level 3, 0/34 HPs)
             Began as a Hill Orc Fighter on Apr 13, 2020.
             Succumbed to an adder's poison
             ... on level 2 of the Dungeon.
             The game lasted 00:03:23 (1167 turns).

Error4North the Skirmisher (Hill Orc Fighter)       Turns: 1167, Time: 00:03:23

Health: 0/34       AC:  9    Str: 19    XL:     3   Next: 85%
Magic:  3/3        EV:  5    Int:  8    God:
Gold:   42         SH:  9    Dex: 10    Spells: 2/2 levels left

rFire    . . .     SeeInvis .   a - +0 war axe
rCold    . . .     Gourm    .   c - +0 kite shield
rNeg     . . .     Faith    .   k - +0 chain mail
rPois    .         Spirit   +   (no helmet)
rElec    .         Reflect  .   l - scarf {Spirit}
rCorr    +         Harm     .   (no gloves)
MR       .....                  (no boots)
Stlth    ..........             (no amulet)
HPRegen  0.11/turn              g - ring of resist corrosion
MPRegen  0.08/turn              (no ring)

@: mighty, lethally poisoned (0 -> -4), hasted, very quick
A: no striking features
a: no special abilities


You were on level 2 of the Dungeon.
You were not hungry.

You visited 1 branch of the dungeon, and saw 2 of its levels.

You collected 42 gold pieces.

Inventory:

Hand Weapons
 a - a +0 war axe (weapon)
Armour
 c - a +0 kite shield (worn)
 k - a +0 chain mail (worn)
 l - a scarf of spirit shield (worn)
Jewellery
 g - a ring of resist corrosion (left hand)
Scrolls
 e - a scroll of remove curse {unknown}
 h - a scroll of fog {unknown}
 i - a scroll of immolation {unknown}
 m - a scroll of teleportation {unknown}
Comestibles
 f - 3 rations
 j - 2 chunks of flesh


   Skills:
 * Level 4.4 Fighting
 + Level 3.1 Axes
 * Level 3.6 Armour
 * Level 4.1 Shields


You had 2 spell levels left.
You didn't know any spells.
Your spell library was empty.

Dungeon Overview and Level Annotations

Branches:
Dungeon (2/15)

Altars:


Message History

You slice the adder!!
You kill the adder!
Your Shields skill increases to level 4!
* * * LOW HITPOINT WARNING * * *
You feel sick.
It was a potion of haste.
You feel yourself speed up.
* * * LOW HITPOINT WARNING * * *
You feel sick.
You see here an adder corpse.
You butcher the adder corpse.
Things that are here:
a chunk of flesh; an adder skeleton
j - 2 chunks of flesh (gained 1)
* * * LOW HITPOINT WARNING * * *
You feel sick.
You open the door.
* * * LOW HITPOINT WARNING * * *
You feel sick.
There is an open door here.
You die...

#)######## #.###
#.#.. #####.#.#
#...#.#.#.####
######...#.#.#.....
#....#..รท#.#.#.....
#....#...#.#.#.....
+.@..'.............
#....#...#.#.......
#....#...#.####....
#....###.#.#.......
#....# #.#.#.#####.
#....# #.#.# #.....
###### #...# #.....
#...# #..#.. #..###


There were no monsters in sight!

Vanquished Creatures
  2 adders (D:2)
  An ooze (D:1)
  2 leopard geckos
  A bat (D:1)
  A giant cockroach (D:1)
  6 goblins
  2 hobgoblins (D:1)
  4 kobolds
  A quokka (D:2)
  4 frilled lizards
  3 rats (D:1)
27 creatures vanquished.

Notes
Turn   | Place    | Note
-------+----------+-------------------------------------------
     0 | D:1      | Error4North the Hill Orc Fighter began the quest for the
                  | Orb.
     0 | D:1      | Reached XP level 1. HP: 19/19 MP: 1/1
   290 | D:1      | Reached XP level 2. HP: 26/27 MP: 2/2
   626 | D:1      | Reached XP level 3. HP: 33/33 MP: 3/3
  1163 | D:2      | HP: 1/34 [poisoned by an adder]
  1167 | D:2      | Succumbed to an adder's poison

Levels and vault maps discovered:
D:1:      wander_arrival_fairy_ring, layout_basic, serial_curves,
          eino_curves_01, eino_curves_02, corner_web_ring,
          chequers_serial_rivers_small_b
D:2:      layout_basic, chequers_ecumenical_altar_simple_redux

Skill      XL: |  1  2  3 |
---------------+----------+-----
Fighting       | 4 |  4.4
Axes           | 3 |  3.1
Shields        | 4 |  4.1
Armour         | |  3.6

Action                   || total
-------------------------++-------
Melee: War axe           ||   100
  Use: Potion            ||     2
  Eat: Chunk             ||     1
Armor: Scale mail        ||    28
       Chain mail        ||    26
Dodge: Dodged            ||    24
Block: Kite shield       ||    45

Table legend:
 A = Non-vault XP
 B = Vault XP
 C = Vault XP percentage of total XP
 D = Non-vault monster count
 E = Vault monster count
 F = Vault count percentage of total count
                 A         B        C        D         E       F
            +---------+---------+-------+---------+---------+-------
      Total |      75 |       0 |   0.0 |      27 |       0 |   0.0
            +---------+---------+-------+---------+---------+-------
        D:1 |      36 |       0 |   0.0 |      18 |       0 |   0.0
        D:2 |      39 |       0 |   0.0 |       9 |       0 |   0.0
            +---------+---------+-------+---------+---------+-------
